AoeStats
← Milo Thatch

Arena

509822963Analyzed
1v1 RM · 4d ago on Sep 28, 2026· 41m 31s· 2 players
Game mode
Random Map
Map size
Tiny (2 player)
Population
200
Speed
Normal
Resources
Standard
Victory
Conquest
Starting age
Dark Age
Ending age
Imperial Age
RankedLock teamsTeams togetherTeam positionsShared explorationLock speedFull tech treeHidden civsTurbo modeCheats
Victory
Defeat
🇨🇱 Teutons · Chile
811
+16
🇺🇸 Mongols · United States
820
-38
Gelblich
11:41 Feudal Age
15:24 Castle Age
14:09 Double-Bit Axe
21:44 Fervor
22:09 Horse Collar
22:33 Loom
23:24 Wheelbarrow
27:16 Hand Cart
27:11 Heavy Plow
27:24 Bow Saw
27:09 Gold Mining
27:09 Stone Mining
30:58 Imperial Age
29:00 Elite Skirmisher
30:46 Forging
30:37 Scale Mail Armor
30:43 Scale Barding Armor
30:28 Fletching
30:39 Padded Archer Armor
31:05 Ballistics
32:55 Chemistry
32:01 Siege Engineers
32:07 Masonry
33:57 Two-Man Saw
33:09 Pikeman
33:49 Squires
33:35 Arson
34:42 Crop Rotation
34:26 Bloodlines
33:37 Cavalier
34:48 Bodkin Arrow
35:08 Leather Archer Armor
35:29 Iron Casting
35:09 Chain Mail Armor
35:15 Chain Barding Armor
35:19 Guilds
36:23 Crenellations
36:24 Conscription
37:25 Ring Archer Armor
38:39 Halberdier
40:21 Blast Furnace
39:52 Plate Mail Armor
41:16 Plate Barding Armor
40:11 Paladin
Milo Thatch
6:32 Loom
10:36 Feudal Age
10:59 Horse Collar
11:26 Double-Bit Axe
17:12 Gold Mining
20:39 Castle Age
20:22 Fletching
20:32 Padded Archer Armor
22:47 Heavy Plow
22:59 Bow Saw
22:41 Stone Mining
23:27 Gold Shaft Mining
25:19 Stone Shaft Mining
25:43 Leather Archer Armor
25:23 Bodkin Arrow
25:30 Pikeman
29:27 Forging
29:22 Scale Barding Armor
29:18 Scale Mail Armor
31:04 Iron Casting
33:49 Imperial Age
32:02 Chain Mail Armor
32:10 Bloodlines
34:34 Bracer
34:45 Thumb Ring
35:12 Cavalier
36:12 Elite Mangudai
39:33 Ballistics
40:14 Chemistry
Connection lost

Rejoining the realm…

Still unreachable

The connection could not be restored.

Session expired

The server has moved on; the page needs a fresh start.